 Dungeon Crawl Stone Soup version 0.29.0-4-gdea44cf6ec (webtiles) character file.

Game seed: 719680790526671776

2 qw the Sneak (level 1, -3/14 HPs)
             Began as a Gargoyle Delver on Sept 10, 2022.
             Slain by an adder (4 damage)
             ... on level 4 of the Dungeon.
             The game lasted 00:00:01 (39 turns).

qw the Sneak (Gargoyle Delver)                        Turns: 39, Time: 00:00:02

Health: -3/14      AC:  5    Str: 15    XL:     1   Next: 30%
Magic:  1/1        EV: 11    Int: 10    God:
Gold:   0          SH:  0    Dex: 11    Spells: 0/0 levels left

rFire   . . .      SeeInvis .   Y - +0 hand axe
rCold   . . .      Faith    .   (no shield)
rNeg    + . .      Spirit   .   b - +0 leather armour
rPois   inf        Reflect  .   (no helmet)
rElec   +          Harm     .   (no cloak)
rCorr   .          Rampage  .   (no gloves)
Will    .....                   (no boots)
Stlth   +++.......              (no amulet)
HPRegen 0.04/turn               (no ring)
MPRegen 0.07/turn               (no ring)

@: no status effects
A: sickness immunity, AC +2, negative energy resistance 1, electricity
resistance, torment resistance 1, petrification resistance
a: no special abilities


You were on level 4 of the Dungeon.
You visited 1 branch of the dungeon, and saw 2 of its levels.


Innate Abilities, Weirdness & Mutations

You are immune to sickness and miasma.
Your stone body is resilient. (AC +2)
You are immune to poison.
You resist negative energy. (rN+)
You are resistant to electric shocks. (rElec)
You are resistant to unholy torment.
You are immune to petrification.


   Skills:
 - Level 3.2 Fighting
 + Level 2.0 Axes
 - Level 1.5 Dodging
 - Level 5.4 Stealth


You couldn't memorise any spells.
You didn't know any spells.
Your spell library was empty.

Inventory:

Hand Weapons
 Y - a +0 hand axe (weapon)
Armour
 b - a +0 leather armour (worn)
Wands
 g - a wand of digging (3)
Potions
 a - 2 potions of might {unknown}
 f - a potion of haste

Dungeon Overview and Level Annotations

Branches:
Dungeon (5/15)
 Temple: D:4-7

Altars:


Message History

The ball python barely misses you. The ball python constricts you.
A hobgoblin comes into view.
The adder barely misses you. The goblin hits you but does no damage.
The ball python bites you but does no damage.
The ball python constricts you.
The hobgoblin shouts!
You hit the ball python.
You kill the ball python!
You hit the adder but do no damage. You hit the goblin. The adder misses you.
The goblin completely misses you. The adder bites you but does no damage.
The goblin barely misses you.
You closely miss the goblin.
The goblin is heavily wounded.
You hit the adder. The adder bites you. The goblin barely misses you.
The adder closely misses you.
You slash the goblin!
You kill the goblin!
You hit the adder. The adder closely misses you.
Your Axes skill increases to level 2!
You barely miss the adder.
The adder is heavily wounded.
You closely miss the hobgoblin. The adder bites you but does no damage.
The hobgoblin hits you. The adder completely misses you.
You closely miss the adder.
The adder is heavily wounded.
You hit the hobgoblin but do no damage.
The hobgoblin hits you but does no damage.
The adder bites you but does no damage.
You barely miss the adder.
The adder is heavily wounded.
You hit the hobgoblin but do no damage. The adder bites you but does no damage.
The hobgoblin barely misses you. The adder bites you but does no damage.
The hobgoblin barely misses you.
You closely miss the adder.
The adder is heavily wounded.
You hit the hobgoblin. The adder bites you.
You die...

.#.......#.#
#....<.....#
#.}.....}..# .
#..........#
..#...}.}....#
.....!......#
#.}.....}.#
#...g@S...#
##.......##
##.....##
#######


You could see an adder and a hobgoblin.

Vanquished Creatures
  A goblin (D:4)
  A ball python (D:4)
2 creatures vanquished.

Notes
Turn   | Place    | Note
-------+----------+-------------------------------------------
     0 | D:5      | qw the Gargoyle Delver began the quest for the Orb.
     0 | D:5      | Reached XP level 1. HP: 14/14 MP: 1/1
     0 | D:5      | 0 ||| qw: Version: 0.1-a-116-g5d60599
     0 | D:5      | 0 ||| qw: Game counter: 9418
     0 | D:5      | 0 ||| qw: Always use a shield: true
     0 | D:5      | 0 ||| qw: God list: Okawaru
     0 | D:5      | 0 ||| qw: Allow faded altars: false
     0 | D:5      | 0 ||| qw: Do Orc after D:15 true
     0 | D:5      | 0 ||| qw: Do second Lair branch before Depths: true
     0 | D:5      | 0 ||| qw: Lair rune preference: random
     0 | D:5      | 0 ||| qw: Plans: Normal
     0 | D:5      | 0 ||| PLANNING D:1-11
    14 | D:5      | 14 ||| READING scroll labelled PYDWEX ICYRIJ.
    15 | D:5      | 15 ||| DROPPING scroll of fog.
    16 | D:5      | 16 ||| DROPPING scroll of magic mapping.
    17 | D:5      | 17 ||| DROPPING scroll of fear.
    36 | D:4      | HP: 1/14 [hobgoblin (4)]
    39 | D:4      | Slain by an adder

Levels and vault maps discovered:
D:4:      layout_basic, nicolae_ru_sacrificial_ziggurat, serial_shops, shop,
          grunt_ministairs_10, uniq_menkaure, uniq_duvessa
D:5:      layout_rooms, kennysheep_windowed_goal

Skill      XL: |  1 |
---------------+----+-----
Axes           | 2 |  2.0
Fighting       | |  3.2
Dodging        | |  1.5
Stealth        | |  5.4

Action                   || total
-------------------------++-------
Melee: Hand axe          ||    11
  Use: Scroll            ||     1
Armor: Leather armour    ||    11
Dodge: Dodged            ||    13

Table legend:
 A = Non-vault XP
 B = Vault XP
 C = Vault XP percentage of total XP
 D = Non-vault monster count
 E = Vault monster count
 F = Vault count percentage of total count
                 A         B        C        D         E       F
            +---------+---------+-------+---------+---------+-------
      Total |       0 |       3 | 100.0 |       0 |       2 | 100.0
            +---------+---------+-------+---------+---------+-------
        D:4 |       0 |       3 | 100.0 |       0 |       2 | 100.0
            +---------+---------+-------+---------+---------+-------
